Workbook

Sheet 3410028101-data
A1: Capital expenditures, infrastructure assets, by ownership and geography (x 1,000,000) 1
A2: Frequency: Annual
A3: Table: 34-10-0281-01
A4: Release date: 2024-02-27
A5: Geography: Canada, Province or territory
B9: Ownership | C9: All ownerships | H9: Public | M9: Private
B10: Type of asset | C10: All Capital expenditures | H10: All Capital expenditures | M10: All Capital expenditures
A11: Geography | B11: Functions of expenditures | C11: 2018 | D11: 2019 | E11: 2020 | F11: 2021 | G11: 2022 | H11: 2018 | I11: 2019 | J11: 2020 | K11: 2021 | L11: 2022 | M11: 2018 | N11: 2019 | O11: 2020 | P11: 2021 | Q11: 2022
C12: Millions of Dollars
A13: Canada | B13: All functions | C13: 118577.6 | D13: 129212 | E13: 130420.6 | F13: 138395.5 | G13: 153913 | H13: 85821.8 | I13: 88886.1 | J13: 91800.3 | K13: 97054.2 | L13: 107188.4 | M13: 32755.8 | N13: 40325.9 | O13: 38620.3 | P13: 41341.3 | Q13: 46724.6
B14: Transport | C14: 44554.3 | D14: 49810.7 | E14: 49916.4 | F14: 51945.9 | G14: 58841.9 | H14: 30310.5 | I14: 32769.6 | J14: 34601.4 | K14: 36634.3 | L14: 42156.1 | M14: 14243.8 | N14: 17041.1 | O14: 15315 | P14: 15311.7 | Q14: F
B15: Community | C15: 10248.9 | D15: 11004.8 | E15: 11021.1 | F15: 10934.4 | G15: 11620.2 | H15: 9274.4 | I15: 10121.3 | J15: 10123.7 | K15: 9953.8 | L15: 10648.1 | M15: 974.8 | N15: 883.6 | O15: 897.4 | P15: 980.5 | Q15: 972.1
B16: Housing | C16: 2560.6 | D16: 2226.3 | E16: 2566.9 | F16: 2681.1 | G16: 2738.4 | H16: 2153.3 | I16: 1988.1 | J16: 2250 | K16: 2362.4 | L16: 2302.7 | M16: 407.6 | N16: F | O16: 316.9 | P16: F | Q16: 435.7
B17: Rec & Culture | C17: 4336.1 | D17: 3600.8 | E17: 3615.6 | F17: 3654.6 | G17: 4006.4 | H17: 4336.1 | I17: 3593.5 | J17: 3427 | K17: 3647.4 | L17: 4006.1 | M17: 0 | N17: 7.3 | O17: F | P17: F | Q17: F
B18: Economic affairs | C18: 33327.7 | D18: 37825.1 | E18: 36826.3 | F18: 40013.7 | G18: 43852.4 | H18: 16204.2 | I18: 17473.5 | J18: 16959.6 | K18: 17756.9 | L18: 18686.4 | M18: 17123.7 | N18: 20351.6 | O18: 19866.7 | P18: 22256.7 | Q18: 25166
B19: Defense & order | C19: 3055.8 | D19: 3216.2 | E19: 3188 | F19: 3575.7 | G19: 3961.2 | H19: 3055.8 | I19: 3216.2 | J19: 3188 | K19: 3575.7 | L19: 3961.2 | M19: 0 | N19: F | O19: 0 | P19: 0 | Q19: 0
B20: Health & social | C20: 8182 | D20: 10816.1 | E20: 12662.9 | F20: 13008.5 | G20: 15648.6 | H20: 8175.9 | I20: 9013.6 | J20: 10628.1 | K20: 10622.6 | L20: 12269 | M20: 6.2 | N20: 1802.5 | O20: F | P20: F | Q20: 3379.6
B21: Education | C21: 12311.9 | D21: 10525.9 | E21: 10224.4 | F21: 12399 | G21: 13127.4 | H21: 12311.9 | I21: 10525.9 | J21: 10224.4 | K21: 12318.5 | L21: 13042.2 | M21: 0 | N21: F | O21: 0 | P21: 80.6 | Q21: 85.3
A23: Symbol legend:
A24: E | B24: use with caution
A25: F | B25: too unreliable to be published
A26: A | B26: data quality: excellent
A27: B | B27: data quality: very good
A28: C | B28: data quality: good
A29: D | B29: data quality: acceptable
A34: Footnotes:
A35: 1 | B35: Capital expenditures are the gross expenditures on fixed assets during the year, including the purchase of new and used assets, additions to work in progress, and major renovations. For an more information on the data in this table, see <a href=https://www150.statcan.gc.ca/n1/pub/34-26-0002/342600022020001-eng.htm" rel="external noopener noreferrer" target="_blank">Sources and Methods: Capital investment in Infrastructure (catalogue 34260002) (opens new window)</a>."
A39: How to cite: Statistics Canada. Table 34-10-0281-01 Capital expenditures, infrastructure assets, by ownership and geography (x 1,000,000)
A40: https://www150.statcan.gc.ca/t1/tbl1/en/tv.action?pid=3410028101

Sheet By Jurisdiction
A1: Capital expenditures, infrastructure assets, by ownership and geography (x 1,000,000) 1
A2: Frequency: Annual
A3: Table: 34-10-0281-01
A4: Release date: 2024-02-27
A5: Geography: Canada, Province or territory
A9: Ownership | B9: All ownerships
A10: Functions of expenditures | B10: All functions
A11: Type of asset | B11: All Capital expenditures
A12: Geography | B12: 2018 | C12: 2019 | D12: 2020 | E12: 2021 | F12: 2022 | I12: 2018 | J12: 2019 | K12: 2020 | L12: 2021 | M12: 2022
B13: Dollars
A14: Canada | B14: 118577.6 | C14: 129212 | D14: 130420.6 | E14: 138395.5 | F14: 153913 | H14: CD | J14: =C14/B14-1 -> 0.089683043 | K14: =D14/C14-1 -> 0.0093536204 | L14: =E14/D14-1 -> 0.061147549 | M14: =F14/E14-1 -> 0.11212431 | N14: =F14/B14-1 -> 0.29799389
A15: Newfoundland and Labrador | B15: 2570.1 | C15: 2726.2 | D15: 2131.6 | E15: 2061.3 | F15: 1546.6 | H15: NL | J15: =C15/B15-1 -> 0.060736936 | K15: =D15/C15-1 -> -0.21810579 | L15: =E15/D15-1 -> -0.032979921 | M15: =F15/E15-1 -> -0.24969679 | N15: =F15/B15-1 -> -0.39823353
A16: Prince Edward Island | B16: 281.7 | C16: 283.6 | D16: 395.6 | E16: 476.5 | F16: 517.5 | H16: PI | J16: =C16/B16-1 -> 0.0067447639 | K16: =D16/C16-1 -> 0.39492243 | L16: =E16/D16-1 -> 0.20449949 | M16: =F16/E16-1 -> 0.086044071 | N16: =F16/B16-1 -> 0.8370607
A17: Nova Scotia | B17: 2008.8 | C17: 2238.5 | D17: 2625.1 | E17: 2479.9 | F17: 3257.8 | H17: NS | J17: =C17/B17-1 -> 0.11434687 | K17: =D17/C17-1 -> 0.17270494 | L17: =E17/D17-1 -> -0.055312179 | M17: =F17/E17-1 -> 0.313682 | N17: =F17/B17-1 -> 0.62176424
A18: New Brunswick | B18: 2035 | C18: 1883.2 | D18: 1957.9 | E18: 2010.1 | F18: 2650.4 | H18: NB | J18: =C18/B18-1 -> -0.074594595 | K18: =D18/C18-1 -> 0.039666525 | L18: =E18/D18-1 -> 0.026661219 | M18: =F18/E18-1 -> 0.31854137 | N18: =F18/B18-1 -> 0.30240786
A19: Quebec | B19: 25124.3 | C19: 26459.4 | D19: 25826.7 | E19: 29224.7 | F19: 29894.9 | H19: PQ | J19: =C19/B19-1 -> 0.053139789 | K19: =D19/C19-1 -> -0.023912107 | L19: =E19/D19-1 -> 0.13156927 | M19: =F19/E19-1 -> 0.022932656 | N19: =F19/B19-1 -> 0.18987992
A20: Ontario | B20: 42796.8 | C20: 44643.2 | D20: 44870.2 | E20: 47957.6 | F20: 49585.1 | H20: ON | J20: =C20/B20-1 -> 0.043143413 | K20: =D20/C20-1 -> 0.0050847609 | L20: =E20/D20-1 -> 0.06880736 | M20: =F20/E20-1 -> 0.033936227 | N20: =F20/B20-1 -> 0.158617
A21: Manitoba | B21: 4795.7 | C21: 4698.6 | D21: 4138.9 | E21: 3704.8 | F21: 3675.9 | H21: MB | J21: =C21/B21-1 -> -0.020247305 | K21: =D21/C21-1 -> -0.11912059 | L21: =E21/D21-1 -> -0.10488294 | M21: =F21/E21-1 -> -0.007800691 | N21: =F21/B21-1 -> -0.23350084
A22: Saskatchewan | B22: 4807.4 | C22: 4465 | D22: 4177.3 | E22: 4241 | F22: 4345.6 | H22: SK | J22: =C22/B22-1 -> -0.07122353 | K22: =D22/C22-1 -> -0.06443449 | L22: =E22/D22-1 -> 0.015249084 | M22: =F22/E22-1 -> 0.024663994 | N22: =F22/B22-1 -> -0.09606024
A23: Alberta | B23: 19065.8 | C23: 20006.1 | D23: 20315.5 | E23: 20523.5 | F23: 25124.7 | H23: AB | J23: =C23/B23-1 -> 0.049318675 | K23: =D23/C23-1 -> 0.015465283 | L23: =E23/D23-1 -> 0.010238488 | M23: =F23/E23-1 -> 0.22419178 | N23: =F23/B23-1 -> 0.31778892
A24: British Columbia | B24: 14054.9 | C24: 20786 | D24: 23205.6 | E24: 24752.1 | F24: 32010.9 | H24: BC | J24: =C24/B24-1 -> 0.47891483 | K24: =D24/C24-1 -> 0.11640527 | L24: =E24/D24-1 -> 0.066643396 | M24: =F24/E24-1 -> 0.29325997 | N24: =F24/B24-1 -> 1.2775616
A25: Yukon | B25: 183 | C25: 285.7 | D25: 230.1 | E25: 261.4 | F25: 520.7 | H25: YU | J25: =C25/B25-1 -> 0.56120219 | K25: =D25/C25-1 -> -0.19460973 | L25: =E25/D25-1 -> 0.13602781 | M25: =F25/E25-1 -> 0.99196634 | N25: =F25/B25-1 -> 1.8453552
... A27: Nunavut | B27: 388.4 | C27: 379.2 | D27: 238.5 | E27: 317.8 | F27: 223.1 | H27: NU | J27: =C27/B27-1 -> -0.023686921 | K27: =D27/C27-1 -> -0.3710443 | L27: =E27/D27-1 -> 0.33249476 | M27: =F27/E27-1 -> -0.29798615 | N27: =F27/B27-1 -> -0.42559217
A29: Symbol legend:
A30: E | B30: use with caution
A31: A | B31: data quality: excellent
A32: B | B32: data quality: very good
A33: C | B33: data quality: good
A38: Footnotes:
A39: 1 | H39: Capital expenditures are the gross expenditures on fixed assets during the year, including the purchase of new and used assets, additions to work in progress, and major renovations. For an more information on the data in this table, see <a href=https://www150.statcan.gc.ca/n1/pub/34-26-0002/342600022020001-eng.htm" rel="external noopener noreferrer" target="_blank">Sources and Methods: Capital investment in Infrastructure (catalogue 34260002) (opens new window)</a>."
A43: How to cite: Statistics Canada. Table 34-10-0281-01 Capital expenditures, infrastructure assets, by ownership and geography (x 1,000,000)
A44: https://www150.statcan.gc.ca/t1/tbl1/en/tv.action?pid=3410028101

Sheet Sheet3

Sheet Fig 1
D1: Capital expenditures, infrastructure assets, by ownership and geography (x 1,000,000) 1
D2: Frequency: Annual
D3: Table: 34-10-0281-01
D4: Release date: 2024-02-27
D5: Geography: Canada, Province or territory

Sheet Summary Table
A1: Capital expenditures, infrastructure assets, by ownership and geography (x 1,000,000) 1
A2: Frequency: Annual
A3: Table: 34-10-0281-01
A4: Release date: 2024-02-27
A5: Geography: Canada, Province or territory
B7: Billions of Dollars
B9: Ownership | C9: All ownerships | F9: Public | I9: Private
B10: Type of asset | C10: All Capital expenditures | F10: Public only Capital expenditures | I10: All Capital expenditures
A11: Geography | B11: Functions | C11: 2018 | D11: 2022 | E11: % delta | F11: 2018 | G11: 2022 | H11: % delta | I11: 2018 | J11: 2022
A12: Canada | B12: All functions | C12: ='3410028101-data'!C13/1000 -> 118.5776 | D12: ='3410028101-data'!G13/1000 -> 153.913 | E12: =D12/C12-1 -> 0.29799389 | F12: ='3410028101-data'!H13/1000 -> 85.8218 | G12: ='3410028101-data'!L13/1000 -> 107.1884 | H12: =G12/F12-1 -> 0.24896472 | I12: ='3410028101-data'!M13/1000 -> 32.7558 | J12: ='3410028101-data'!Q13/1000 -> 46.7246 | K12: =J12/I12-1 -> 0.42645272
B13: Transport | C13: ='3410028101-data'!C14/1000 -> 44.5543 | D13: ='3410028101-data'!G14/1000 -> 58.8419 | E13: =D13/C13-1 -> 0.32067836 | F13: ='3410028101-data'!H14/1000 -> 30.3105 | G13: ='3410028101-data'!L14/1000 -> 42.1561 | H13: =G13/F13-1 -> 0.39080847 | I13: … | J13: … | K13: …
B14: Community | C14: ='3410028101-data'!C15/1000 -> 10.2489 | D14: ='3410028101-data'!G15/1000 -> 11.6202 | E14: =D14/C14-1 -> 0.13379972 | F14: ='3410028101-data'!H15/1000 -> 9.2744 | G14: ='3410028101-data'!L15/1000 -> 10.6481 | H14: =G14/F14-1 -> 0.1481174 | I14: … | J14: … | K14: …
B15: Housing | C15: ='3410028101-data'!C16/1000 -> 2.5606 | D15: ='3410028101-data'!G16/1000 -> 2.7384 | E15: =D15/C15-1 -> 0.069436851 | F15: ='3410028101-data'!H16/1000 -> 2.1533 | G15: ='3410028101-data'!L16/1000 -> 2.3027 | H15: =G15/F15-1 -> 0.069381879 | I15: … | J15: … | K15: …
B16: Rec & Culture | C16: ='3410028101-data'!C17/1000 -> 4.3361 | D16: ='3410028101-data'!G17/1000 -> 4.0064 | E16: =D16/C16-1 -> -0.076036069 | F16: ='3410028101-data'!H17/1000 -> 4.3361 | G16: ='3410028101-data'!L17/1000 -> 4.0061 | H16: =G16/F16-1 -> -0.076105256 | I16: … | J16: … | K16: …
B17: Economic affairs | C17: ='3410028101-data'!C18/1000 -> 33.3277 | D17: ='3410028101-data'!G18/1000 -> 43.8524 | E17: =D17/C17-1 -> 0.31579437 | F17: ='3410028101-data'!H18/1000 -> 16.2042 | G17: ='3410028101-data'!L18/1000 -> 18.6864 | H17: =G17/F17-1 -> 0.15318251 | I17: … | J17: … | K17: …
B18: Defense & order | C18: ='3410028101-data'!C19/1000 -> 3.0558 | D18: ='3410028101-data'!G19/1000 -> 3.9612 | E18: =D18/C18-1 -> 0.29628902 | F18: ='3410028101-data'!H19/1000 -> 3.0558 | G18: ='3410028101-data'!L19/1000 -> 3.9612 | H18: =G18/F18-1 -> 0.29628902 | I18: … | J18: … | K18: …
B19: Health & social | C19: ='3410028101-data'!C20/1000 -> 8.182 | D19: ='3410028101-data'!G20/1000 -> 15.6486 | E19: =D19/C19-1 -> 0.91256417 | F19: ='3410028101-data'!H20/1000 -> 8.1759 | G19: ='3410028101-data'!L20/1000 -> 12.269 | H19: =G19/F19-1 -> 0.5006299 | I19: … | J19: … | K19: …
B20: Education | C20: ='3410028101-data'!C21/1000 -> 12.3119 | D20: ='3410028101-data'!G21/1000 -> 13.1274 | E20: =D20/C20-1 -> 0.06623673 | F20: ='3410028101-data'!H21/1000 -> 12.3119 | G20: ='3410028101-data'!L21/1000 -> 13.0422 | H20: =G20/F20-1 -> 0.059316596 | I20: … | J20: … | K20: …
A22: Symbol legend:
A23: E | B23: use with caution
A24: F | B24: too unreliable to be published
A25: A | B25: data quality: excellent
A26: B | B26: data quality: very good
A27: C | B27: data quality: good
A28: D | B28: data quality: acceptable
A33: Footnotes:
A34: 1 | B34: Capital expenditures are the gross expenditures on fixed assets during the year, including the purchase of new and used assets, additions to work in progress, and major renovations. For an more information on the data in this table, see <a href=https://www150.statcan.gc.ca/n1/pub/34-26-0002/342600022020001-eng.htm" rel="external noopener noreferrer" target="_blank">Sources and Methods: Capital investment in Infrastructure (catalogue 34260002) (opens new window)</a>."
A38: How to cite: Statistics Canada. Table 34-10-0281-01 Capital expenditures, infrastructure assets, by ownership and geography (x 1,000,000)
A39: https://www150.statcan.gc.ca/t1/tbl1/en/tv.action?pid=3410028101
